Map: Ruins of Endion

Players

Pokebunny - Winner!

  • Race: Terran Terran
  • League: Grandmaster

Muffinmanlol

  • Race: Zerg Zerg
  • League: Master

VOD

Have the link to the VOD?

Description

Time

  • Played on: April 6, 2016, 12:43 a.m.
  • Length: 8:33
Show
View Real Time Build Order
Export as new Build Order

Pokebunny Terran - Winner!

Build Orders: Reaper Expand, MMM Bio 

Get SALT Encoding   

  12  0:01  SCV  
  13  0:13  SCV  
  14  0:17  Supply Depot  
  14  0:25  SCV  
  15  0:39  Barracks, SCV  
  16  0:43  Refinery  
  16  0:51  SCV  
  17  1:03  SCV  
  18  1:15  SCV  
  19  1:27  Orbital Command  
  19  1:28  Reaper  
  20  1:40  Command Center  
  20  1:53  SCV  
  21  1:56  Supply Depot  
  21  2:00  Barracks Reactor  
  21  2:05  SCV  
  21  2:07  Barracks  
  22  2:15  Barracks  
  22  2:20  SCV  
  23  2:27  Refinery  
  23  2:37  SCV  
  24  2:38  Factory, Marine  
  24  2:40  Marine  
  26  2:55  Barracks Tech Lab  
  26  2:56  Marine  
  26  2:57  Orbital Command  
  26  2:58  Marine  
  27  3:05  Marine  
  29  3:06  SCV  
  30  3:16  Marine x2, Stimpack  
  32  3:29  Marine x2  
  32  3:30  SCV x2  
  36  3:36  Supply Depot  
  36  3:37  Starport  
  36  3:41  Factory Reactor  
  36  3:45  Marine  
  36  3:46  Marine  
  38  3:50  Engineering Bay  
  38  3:51  SCV  
  38  3:54  SCV  
  40  4:00  Marine x2  
  42  4:04  SCV  
  42  4:06  SCV  
  42  4:09  Marine  
  44  4:10  Supply Depot, Marine  
  44  4:16  SCV  
  47  4:21  Marine  
  47  4:22  Medivac x2  
  52  4:30  SCV x2  
  54  4:32  Marine x2  
  54  4:33  Marine, Supply Depot  
  57  4:42  SCV x2  
  57  4:44  Terran Infantry Weapons Level 1  
  59  4:56  Barracks Reactor, Marine x3  
  59  4:57  Supply Depot  
  59  4:59  SCV  
  64  5:00  SCV  
  64  5:01  Refinery  
  64  5:07  Supply Depot  
  64  5:09  Medivac  
  64  5:10  Supply Depot  
  64  5:12  SCV x2  
  68  5:16  Marine x2  
  68  5:18  Marine  
  71  5:26  Combat Shields  
  67  5:47  SCV  
  67  5:48  Command Center, SCV  
  67  5:49  Refinery  
  69  5:51  Marine x5  
  69  5:52  Factory Tech Lab  
  74  5:59  SCV  
  74  6:00  SCV  
  74  6:01  Supply Depot  
  76  6:04  Medivac  
  76  6:05  Medivac  
  76  6:08  Supply Depot  
  80  6:12  SCV x2  
  83  6:25  SCV x2  
  83  6:29  Siege Tank, Marine  
  83  6:30  Marine x3  
  83  6:32  Marine  
  91  6:40  Barracks  
  91  6:42  Barracks  
  91  6:46  SCV x2  
  93  6:47  Supply Depot  
  93  6:50  Marine x3  
  93  6:53  Marine  
  97  6:56  Marine  
  98  7:08  Marine  
  93  7:17  Marine x4  
  93  7:18  Siege Tank  
  93  7:19  Medivac x2  
  93  7:20  Orbital Command  
  104  7:33  Engineering Bay  
  104  7:36  Armory  
  104  7:37  SCV x2  
  106  7:50  Supply Depot  
  105  7:52  Orbital Command  
  105  7:53  SCV x2  
  104  7:58  Siege Tank  
  102  8:09  Marine x4  
  102  8:11  Marine  
  99  8:14  Barracks Reactor x2  
Show
View Real Time Build Order
Export as new Build Order

Muffinmanlol Zerg 

Build Orders: Hatch First 

Get SALT Encoding   

  12  0:00  Drone  
  13  0:13  Overlord  
  13  0:18  Drone  
  14  0:31  Drone x2  
  14  0:34  Drone  
  17  0:52  Hatchery  
  17  0:54  Drone  
  17  0:57  Drone  
  17  1:02  Extractor  
  17  1:07  Drone  
  18  1:15  Spawning Pool  
  17  1:18  Drone  
  18  1:28  Drone  
  19  1:39  Overlord  
  19  2:02  Queen  
  21  2:09  Metabolic Boost  
  21  2:10  Queen  
  21  2:12  Zergling x2  
  21  2:13  Zergling x4  
  21  2:14  Drone  
  27  2:22  Drone  
  28  2:25  Drone x2  
  30  2:37  Drone x2  
  31  2:52  Queen  
  31  2:53  Overlord  
  31  2:54  Queen  
  35  3:12  Hatchery  
  34  3:21  Overlord  
  34  3:22  Drone x5  
  39  3:28  Drone x2  
  41  3:34  Queen  
  43  3:43  Drone x4  
  43  3:46  Zergling x2  
  47  3:53  Roach Warren  
  46  3:59  Drone x5  
  51  4:05  Extractor x2  
  49  4:10  Overlord  
  49  4:20  Overlord x3  
  49  4:29  Drone x2  
  49  4:31  Drone x2  
  53  4:33  Roach, Lair  
  53  4:34  Roach  
  59  4:38  Roach  
  59  4:39  Roach  
  59  4:43  Roach  
  63  4:52  Roach x3  
  69  5:11  Roach x3  
  73  5:28  Roach  
  73  5:29  Roach x3  
  77  5:38  Glial Reconstitution  
  77  5:44  Evolution Chamber  
  77  5:45  Evolution Chamber  
  75  5:50  Overlord x3  
  75  5:54  Hatchery  
  74  6:02  Drone  
  75  6:04  Extractor  
  75  6:05  Overlord  
  75  6:06  Drone  
  75  6:08  Drone x3  
  78  6:12  Drone x3  
  78  6:13  Drone x2  
  78  6:15  Zerg Missile Weapons Level 1  
  78  6:16  Zerg Ground Armor Level 1  
  79  6:35  Drone x3  
  79  6:36  Spire, Infestation Pit  
  79  6:39  Drone x2  
  83  6:40  Drone x6  
  88  6:53  Roach x4  
  96  7:04  Roach  
  96  7:05  Roach  
  83  7:09  Roach  
  83  7:10  Roach x3  
  83  7:15  Pathogen Glands  
  71  7:16  Roach  
  71  7:20  Ravager x2  
  72  7:25  Roach x3  
  78  7:30  Roach x3  
  78  7:34  Roach x2  
  86  7:39  Roach  
  86  7:41  Roach  
  86  7:42  Roach  
  92  7:50  Roach  
  94  7:55  Roach x4  
  102  8:03  Roach x2  
  104  8:11  Roach x2  
Tags
 
Add a new tag
Caveats
  • Supply blocks, unpowered buildings, or Contaminate may cause inaccurate times.
  • Supply counts are checked every 10 seconds.